 Dungeon Crawl Stone Soup version 0.17-a0-2109-g117576f (webtiles) character file.

8 ololoev the Firebug (level 2, 16/19 HPs)
             Began as a Demonspawn Fire Elementalist on Oct 19, 2015.
             Quit the game on level 1 of the Dungeon.
             The game lasted 00:00:55 (331 turns).

ololoev the Firebug (Demonspawn Fire Elementalist)   Turns: 331, Time: 00:00:55

Health: 16/19      AC:  2    Str:  8    XL:     2   Next: 0%
Magic:  5/5        EV: 12    Int: 16    God:
Gold:   0          SH:  0    Dex: 13    Spells: 1 memorised, 4 levels left

rFire  . . .     SeeInvis .     g - +0 dagger
rCold  . . .     Clarity  .     a - +0 robe
rNeg   . . .     SustAt   .     (no shield)
rPois  .         Gourm    .     (helmet restricted)
rElec  .         Spirit   .     (no cloak)
rCorr  .         Warding  .     (no gloves)
rMut   .         Stasis   .     (no boots)
MR     .....                    (no amulet)
Stlth  ++........               (no ring)
                                (no ring)

@: not resistant to hostile enchantments, unstealthy
A: antennae 1
a: no special abilities


Innate Abilities, Weirdness & Mutations

You have a pair of small antennae on your head.

Inventory:

Hand Weapons
 g - a +0 dagger (weapon)
Armour
 a - a +0 robe (worn)
Scrolls
 d - a scroll of identify {unknown}
Potions
 e - a potion of haste {unknown}
 f - a potion of curing {unknown}
 h - a potion of resistance {unknown}
Books
 b - a book of Flames

   Spells                             Type                      Level
   a - Flame Tongue                   Conjuration/Fire             1
   b - Throw Flame                    Conjuration/Fire             2
   c - Conjure Flame                  Conjuration/Fire             3
   d - Inner Flame                    Hexes/Fire                   3
   e - Sticky Flame                   Conjuration/Fire             4
   f - Fireball                       Conjuration/Fire             5
Comestibles
 c - a bread ration


   Skills:
 - Level 1.7 Dodging
 - Level 1.7 Stealth
 + Level 2.0 Spellcasting
 * Level 1.5 Conjurations
 + Level 2.9 Fire Magic


You had 4 spell levels left.
You knew the following spells:

 Your Spells              Type           Power        Failure   Level  Hunger
a - Flame Tongue          Conj/Fire      #....        10%         1    #......


You were on level 1 of the Dungeon.
You were not hungry.

You visited 1 branch of the dungeon, and saw 1 of its levels.

#.... ..### #####
#..#.#.... #...<
#..#.#.... #8...
####.......# ##...
.##...$......# #..8.
)...........# ##...
.....)......# ######...
............# #...##.8.
#......@....####...##...
#...........'..#...##...
#...........##.#...##.8.
#.......#+####.'...####'
#.......+......#...# #.
####....##.#.#.##..# #.
#....##.#.#.....# #.
#....##.#.#.#...####.
#.....#...##...

Notes
Turn   | Place    | Note
--------------------------------------------------------------
     0 | D:1      | ololoev the Demonspawn Fire Elementalist began the quest for the Orb.
     0 | D:1      | Reached XP level 1. HP: 13/13 MP: 3/3
   330 | D:1      | Gained mutation: You have a pair of small antennae on your head. [demonic ancestry]
   330 | D:1      | Reached XP level 2. HP: 16/19 MP: 5/5
   331 | D:1      | Quit the game

Dungeon Overview and Level Annotations

Branches:
Dungeon (1/15)

Altars:


Message History

You hit the giant cockroach.
The giant cockroach is almost dead.
The giant cockroach completely misses you.
You barely miss the giant cockroach.
The giant cockroach is almost dead.
The giant cockroach misses you.
You hit the giant cockroach but do no damage.
The giant cockroach is almost dead.
The giant cockroach bites you but does no damage.
You barely miss the giant cockroach.
The giant cockroach is almost dead.
The giant cockroach bites you.
You hit the giant cockroach but do no damage.
The giant cockroach is almost dead.
The giant cockroach bites you.
The giant cockroach bites you but does no damage.
You hit the giant cockroach but do no damage.
The giant cockroach is almost dead.
The giant cockroach misses you.
You hit the giant cockroach but do no damage.
The giant cockroach is almost dead.
The giant cockroach barely misses you.
You closely miss the giant cockroach.
The giant cockroach is almost dead.
The giant cockroach closely misses you.
You hit the giant cockroach but do no damage.
The giant cockroach is almost dead.
The giant cockroach bites you but does no damage.
You barely miss the giant cockroach.
The giant cockroach is almost dead.
The giant cockroach bites you but does no damage. x2
You closely miss the giant cockroach.
The giant cockroach is almost dead.
The giant cockroach misses you.
You hit the giant cockroach.
You kill the giant cockroach!
You have reached level 2!
Your demonic ancestry asserts itself...
A pair of antennae grows on your head!
Are you sure you want to abandon this character and quit the game? (Confirm with "yes".)

There were no monsters in sight!

Vanquished Creatures
  A giant cockroach (D:1)
  2 hobgoblins (D:1)
  A bat (D:1)
  2 giant newts (D:1)
  2 kobolds (D:1)
  A rat (D:1)
9 creatures vanquished.

Action                   || total
-------------------------++-------
Melee: Dagger            ||    12
       Unarmed           ||     1
 Cast: Flame Tongue      ||    10

Vault maps used:
D:1:      elethiomel_arrival_quiet
